[Event "*** Titled Tuesday Blitz"]
[Site "Chess.com"]
[Date "2020.05.19"]
[Round "5"]
[White "Roza_Idrisova"]
[Black "Rodchenkov_Vitalij"]
[Result "0-1"]
[WhiteElo "2141"]
[BlackElo "2392"]
[TimeControl "180+1"]
[EndTime "12:54:20 PDT"]
[Termination "Rodchenkov_Vitalij won by checkmate"]

1. d4 d5 2. Nf3 Nf6 3. Bf4 c5 4. c3 Nc6 5. e3 cxd4 6. exd4 Bf5 7. Bd3 Bxd3 8. Qxd3 e6 9. O-O Bd6 10. Bxd6 Qxd6 11.
Nbd2 O-O 12. Rfe1 Rac8 13. h3 a6 14. a4 Na5 15. Ne5 Nd7 16. Ndf3 Nxe5 17. Nxe5 f6 18.
Nf3 Nc4 19. Re2 e5 20. dxe5 fxe5 21. Rd1 e4 22. Qxd5+ Qxd5 23. Rxd5 exf3 24. Re7 Rce8 25. Rxb7 Re1+ 26. Kh2 Ne5 27. gxf3 Nxf3+ 28. Kg3 Rg1# 0-1

[Event "*** Titled Tuesday Blitz"]
[Site "Chess.com"]
[Date "2020.05.19"]
[Round "5"]
[White "Sanyura"]
[Black "Enriquack"]
[Result "1-0"]
[WhiteElo "2496"]
[BlackElo "2300"]
[TimeControl "180+1"]
[EndTime "12:54:21 PDT"]
[Termination "Sanyura won by resignation"]

1. Nf3 Nf6 2. g3 g6 3. Bg2 Bg7 4. d3 O-O 5. O-O Nc6 6. Nbd2 e5 7.
e4 Re8 8. a4 d5 9. exd5 Nxd5 10. Nc4 h6 11. Re1 Nb6 12. Ne3 Nd4 13. a5 Nd7 14. Nxd4 exd4 15. Nd5 Rxe1+ 16. Qxe1 c6 17. Ne7+ Kf8 18. Nxc8 Rxc8 19. Qb4+ Qe7 20. Qxb7 Rb8 21.
Qc7 h5 22. Bf4 1-0

[Event "*** Titled Tuesday Blitz"]
[Site "Chess.com"]
[Date "2020.05.19"]
[Round "5"]
[White "Mbneu"]
[Black "Marty435"]
[Result "0-1"]
[WhiteElo "2231"]
[BlackElo "2411"]
[TimeControl "180+1"]
[EndTime "12:54:27 PDT"]
[Termination "Marty435 won by resignation"]

1. d4 Nf6 2. c4 c5 3. d5 e5 4. g3 d6 5. Bg2 Be7 6. e4 O-O 7. Ne2 a6 8. a4 Ne8 9. O-O g6 10. Bh6 Ng7 11. f4 exf4 12. gxf4 Bg4 13. Nd2 Bf6 14.
Rb1 Re8 15. Kh1 Nf5 16. Bg5 Ne3 17. Bxf6 Qxf6 18. e5 Nxd1 19. exf6 Bxe2 20. Rfxd1 Bxd1 21. Rxd1 Nd7 0-1

[Event "*** Titled Tuesday Blitz"]
[Site "Chess.com"]
[Date "2020.05.19"]
[Round "5"]
[White "SharapovEvgeny"]
[Black "vinniethepooh"]
[Result "0-1"]
[WhiteElo "2373"]
[BlackElo "2546"]
[TimeControl "180+1"]
[EndTime "12:54:31 PDT"]
[Termination "vinniethepooh won by resignation"]

1. e4 c5 2. Nf3 d6 3. d4 cxd4 4.
Nxd4 Nf6 5. Nc3 a6 6. g3 e5 7. Nb3 Bg4 8. Be2 Bh3 9. g4 h5 10. gxh5 Be7 11. Be3 Nbd7 12. Rg1 Kf8 13. Qd2 Rc8 14. O-O-O b5 15. Bf3 Nb6 16. Bxb6 Qxb6 17.
Kb1 b4 18. Nd5 Nxd5 19. exd5 a5 20. Bg4 Bxg4 21. Rxg4 Rxh5 22. Rdg1 Bf6 23. Qe2 Rxh2 24. R4g2 Rxg2 25. Rxg2 a4 26. Nd2 Qd4 27. Rg4 e4 0-1

[Event "*** Titled Tuesday Blitz"]
[Site "Chess.com"]
[Date "2020.05.19"]
[Round "5"]
[White "larisakalinina"]
[Black "Torrentec"]
[Result "0-1"]
[WhiteElo "2021"]
[BlackElo "2300"]
[TimeControl "180+1"]
[EndTime "12:54:32 PDT"]
[Termination "Torrentec won by resignation"]

1. e4 e5 2. Nf3 Nc6 3. d4 exd4 4. Nxd4 Bc5 5. Be3 Qf6 6. c3 Qg6 7. Nxc6 Bxe3 8. fxe3 dxc6 9. Qf3 Nf6 10. e5 Ng4 11. Qf4 Qh5 12. Be2 Qxe5 13. Bxg4 Qxf4 14. exf4 Bxg4 15. O-O O-O-O 16. h3 Bf5 17. Na3 Rd2 18. Nc4 Re2 19. Rfe1 Rhe8 20. Rxe2 Rxe2 21. Kf1 Bd3 22. Ne5 Rxe5+ 23. Kf2 Re2+ 24. Kf3 Rxb2 0-1

[Event "*** Titled Tuesday Blitz"]
[Site "Chess.com"]
[Date "2020.05.19"]
[Round "5"]
[White "Sibelephant"]
[Black "GMHess"]
[Result "1-0"]
[WhiteElo "3183"]
[BlackElo "2810"]
[TimeControl "180+1"]
[EndTime "12:54:35 PDT"]
[Termination "Sibelephant won by resignation"]

1. d4 Nf6 2. Nf3 e6 3. Bg5 h6 4. Bh4 c5 5. e3 d5 6. c3 Nc6 7.
Nbd2 Bd6 8. Bd3 Qb6 9. Rb1 Bd7 10.
O-O cxd4 11. exd4 Nh5 12. Re1 Nf4 13. Bc2 g5 14. Bg3 O-O-O 15. b4 f6 16. c4 Bxb4 17. a3 Bxd2 18. Rxb6 Bxe1 19. Rxc6+ Bxc6 20. Qxe1 dxc4 21. Bxf4 gxf4 22. Qxe6+ Kb8 23. Qxc4 Rc8 24. d5 Bxd5 25. Qxd5 Rxc2 26. Qd6+ Ka8 27. Qxf4 1-0

[Event "*** Titled Tuesday Blitz"]
[Site "Chess.com"]
[Date "2020.05.19"]
[Round "5"]
[White "allvim"]
[Black "Leonid_Starozhilov"]
[Result "0-1"]
[WhiteElo "2267"]
[BlackElo "2634"]
[TimeControl "180+1"]
[EndTime "12:54:37 PDT"]
[Termination "Leonid_Starozhilov won by resignation"]

1. e4 g6 2. d4 Bg7 3. Nf3 d6 4. Nc3 Nf6 5. Bc4 O-O 6. O-O Bg4 7. h3 Bxf3 8. Qxf3 Nc6 9. Be3 e5 10. dxe5 dxe5 11. Qe2 Nd4 12. Qd3 Nd7 13. b4 c6 14.
Ne2 a5 15. a3 b5 16. Ba2 Nb6 17. c3 Nf3+ 18. gxf3 Qxd3 19. Bxb6 0-1

[Event "*** Titled Tuesday Blitz"]
[Site "Chess.com"]
[Date "2020.05.19"]
[Round "5"]
[White "Juanovic"]
[Black "Nellichka"]
[Result "1-0"]
[WhiteElo "2160"]
[BlackElo "1986"]
[TimeControl "180+1"]
[EndTime "12:54:38 PDT"]
[Termination "Juanovic won by resignation"]

1. e4 e6 2. d4 d5 3. Nc3 Bb4 4.
e5 c5 5. a3 Bxc3+ 6. bxc3 Ne7 7. a4 Qa5 8. Qd2 Nbc6 9. Nf3 Nf5 10. Bd3 cxd4 11. Bxf5 dxc3 12. Qg5 exf5 13. Qxg7 Rf8 14. Ba3 Ne7 15. Bxe7 Kxe7 16. Qf6+ Ke8 17. O-O Be6 18. Nd4 Qd8 19. Qg7 Qe7 20. Rab1 Kd7 21. Rxb7+ 1-0

[Event "*** Titled Tuesday Blitz"]
[Site "Chess.com"]
[Date "2020.05.19"]
[Round "5"]
[White "Pittiplatsh"]
[Black "ElGasanov"]
[Result "0-1"]
[WhiteElo "2546"]
[BlackElo "2748"]
[TimeControl "180+1"]
[EndTime "12:54:39 PDT"]
[Termination "ElGasanov won by resignation"]

1. e4 e5 2. Nf3 Nc6 3. d4 exd4 4. Nxd4 Bb4+ 5. c3 Bc5 6. Be3 Bb6 7. Nf5 g6 8. Bxb6 axb6 9. Ne3 Nf6 10. f3 Qe7 11. c4 Qc5 12. Qd2 Nd4 13. Nc3 Nb3 14.
axb3 Rxa1+ 15. Kf2 O-O 16. Na4 Qe5 17. Nc2 Rb1 18.
Na3 Ra1 19. Nc2 Ra2 20. Nb4 Qa5 21. Qc3 Ra1 22. Qxf6 Qxb4 23. h4 Qe1+ 24. Kg1 Qxf1+ 0-1

[Event "*** Titled Tuesday Blitz"]
[Site "Chess.com"]
[Date "2020.05.19"]
[Round "5"]
[White "grunbergmihai"]
[Black "AliKa2810"]
[Result "0-1"]
[WhiteElo "2408"]
[BlackElo "2630"]
[TimeControl "180+1"]
[EndTime "12:54:39 PDT"]
[Termination "AliKa2810 won by resignation"]

1. Nf3 d5 2. c4 d4 3. g3 c5 4. Bg2 Nc6 5. d3 Nf6 6. O-O e5 7. e3 Be7 8. a3 O-O 9. exd4 exd4 10. Re1 h6 11. Bf4 g5 12. Bd2 Bf5 13.
Qc2 Qd7 14. h4 Nh7 15. hxg5 hxg5 16. Ne5 Nxe5 17. Rxe5 Bd6 18. Re1 Rae8 19. b4 b6 20. b5 Kg7 21. Rxe8 Qxe8 22. Bf1 Rh8 23. Qc1 f6 24. Qe1 Qh5 25. Be2 g4 26. Qf1 Ng5 27.
Qg2 Nf3+ 0-1

[Event "*** Titled Tuesday Blitz"]
[Site "Chess.com"]
[Date "2020.05.19"]
[Round "5"]
[White "Noam_Vitenberg"]
[Black "DonBroca"]
[Result "1-0"]
[WhiteElo "2426"]
[BlackElo "2186"]
[TimeControl "180+1"]
[EndTime "12:54:39 PDT"]
[Termination "Noam_Vitenberg won by resignation"]

1. Nf3 c5 2. c4 g6 3. g3 Bg7 4. Bg2 Nf6 5. O-O O-O 6. Nc3 Nc6 7. d4 d6 8. d5 Nb8 9. e4 Nbd7 10. Be3 a6 11. Nd2 Rb8 12. a4 e5 13. f4 Re8 14.
f5 Nf8 15. g4 h6 16. h4 gxf5 17. exf5 N6h7 18. Qe1 Bd7 19. Nde4 Qe7 20. g5 hxg5 21.
hxg5 f6 22. g6 Ng5 23. Bxg5 fxg5 24. f6 Bxf6 25. Nxf6+ Kg7 26. Nxe8+ Rxe8 27. Rf7+ Kxg6 28. Rxe7 Rxe7 1-0

[Event "*** Titled Tuesday Blitz"]
[Site "Chess.com"]
[Date "2020.05.19"]
[Round "5"]
[White "yuki_chess123"]
[Black "AsaHoffmann"]
[Result "0-1"]
[WhiteElo "2145"]
[BlackElo "2396"]
[TimeControl "180+1"]
[EndTime "12:54:41 PDT"]
[Termination "AsaHoffmann won by resignation"]

1. c4 Nf6 2. Nc3 d6 3. Nf3 e5 4. d3 c6 5. g3 h6 6. Bg2 Be6 7. Rb1 Qd7 8. b4 Be7 9. b5 O-O 10. O-O Bh3 11. bxc6 bxc6 12. Qa4 Bxg2 13. Kxg2 a5 14.
Qb3 Na6 15. Na4 Rfb8 16. Nb6 Qe8 17. Bd2 Nc5 18. Qd1 Ra7 19. Qc2 Rab7 20. Bxa5 Bd8 0-1

[Event "*** Titled Tuesday Blitz"]
[Site "Chess.com"]
[Date "2020.05.19"]
[Round "5"]
[White "SlavenPastar"]
[Black "AndrewMaco"]
[Result "1-0"]
[WhiteElo "2399"]
[BlackElo "2534"]
[TimeControl "180+1"]
[EndTime "12:54:43 PDT"]
[Termination "SlavenPastar won by checkmate"]

1. d4 Nf6 2. c4 e6 3. Nc3 Bb4 4. e3 O-O 5. Bd3 d5 6. cxd5 exd5 7. Bd2 Re8 8. Rc1 c6 9. Nge2 a5 10. O-O Bd6 11. f3 c5 12. Nb5 c4 13. Nxd6 Qxd6 14.
Bb1 Nc6 15. Qe1 b5 16. Qf2 b4 17. e4 Nd7 18. e5 Qc7 19. f4 Nf8 20. f5 a4 21. f6 a3 22. bxa3 Rxa3 23. Nf4 c3 24. Be3 Ba6 25. fxg7 Ng6 26. Nxd5 Qd8 27. Qxf7# 1-0

[Event "*** Titled Tuesday Blitz"]
[Site "Chess.com"]
[Date "2020.05.19"]
[Round "5"]
[White "oykuince"]
[Black "Belka1989"]
[Result "1-0"]
[WhiteElo "1995"]
[BlackElo "2130"]
[TimeControl "180+1"]
[EndTime "12:54:43 PDT"]
[Termination "oykuince won on time"]

1. e4 e5 2. Nc3 Nc6 3. g3 Nf6 4.
Bg2 Bc5 5. Nge2 d6 6. O-O Bg4 7.
h3 Be6 8. Nd5 Qd7 9. Kh2 O-O-O 10. c3 Ne7 11. Nxf6 gxf6 12. d4 Bb6 13. a4 exd4 14. cxd4 Ba5 15. d5 Bxd5 16. exd5 h5 17. Bd2 Bxd2 18. Qxd2 Ng6 19. h4 Ne5 20. Bh3 Ng4+ 21.
Bxg4 hxg4 22. Kg2 Qf5 23. Qe3 1-0

[Event "*** Titled Tuesday Blitz"]
[Site "Chess.com"]
[Date "2020.05.19"]
[Round "5"]
[White "LostaBet95"]
[Black "Twitch_ElhamBlitz05"]
[Result "0-1"]
[WhiteElo "2551"]
[BlackElo "2760"]
[TimeControl "180+1"]
[EndTime "12:54:46 PDT"]
[Termination "Twitch_ElhamBlitz05 won by resignation"]

1. e4 c6 2. d4 d5 3. Nc3 dxe4 4. Nxe4 Nf6 5. Nxf6+ exf6 6. c3 Bd6 7. Bd3 O-O 8. Ne2 Re8 9. Qc2 h5 10. O-O h4 11. h3 Nd7 12. Be3 Nf8 13. c4 Be6 14.
Rad1 Qd7 15. Nf4 Rad8 16. d5 Bxf4 17. dxe6 Qc7 18. exf7+ Kxf7 19. Bxf4 Qxf4 20. Rfe1 g5 21. c5 Kg7 22. Bc4 Rxe1+ 23. Rxe1 Rd2 24. Re7+ Kh6 25. Qe4 Qxf2+ 0-1

[Event "*** Titled Tuesday Blitz"]
[Site "Chess.com"]
[Date "2020.05.19"]
[Round "5"]
[White "olksuna"]
[Black "RojonR"]
[Result "1-0"]
[WhiteElo "2574"]
[BlackElo "2405"]
[TimeControl "180+1"]
[EndTime "12:54:48 PDT"]
[Termination "olksuna won by resignation"]

1. c4 Nf6 2. Nc3 e6 3. Nf3 c5 4. g3 b6 5. Bg2 Bb7 6. O-O Be7 7. d4 cxd4 8. Qxd4 d6 9. Rd1 O-O 10. b3 a6 11. Ba3 Ne8 12. Qf4 Qc7 13. Ne4 Bxe4 14.
Qxe4 d5 15. cxd5 Bxa3 16. Ng5 Nf6 17. d6 Bxd6 18. Qxa8 a5 19. Rac1 Bc5 20. Ne4 Nc6 21. Qxc6 1-0

[Event "*** Titled Tuesday Blitz"]
[Site "Chess.com"]
[Date "2020.05.19"]
[Round "5"]
[White "rasmussvane"]
[Black "Meri-Arabidze"]
[Result "1-0"]
[WhiteElo "2886"]
[BlackElo "2610"]
[TimeControl "180+1"]
[EndTime "12:54:58 PDT"]
[Termination "rasmussvane won by resignation"]

1. Nf3 d5 2. g3 Nf6 3. Bg2 e6 4. O-O b5 5. d3 Be7 6. c4 bxc4 7. dxc4 O-O 8. cxd5 exd5 9. Nc3 Be6 10. Nd4 c5 11. Nxe6 fxe6 12. e4 dxe4 13. Nxe4 Nd5 14.
Nc3 Rf5 15. g4 Re5 16. f4 Nxc3 17. Qxd8+ Bxd8 18. bxc3 Rd5 19. c4 Bf6 20. cxd5 Bxa1 21. dxe6 1-0

[Event "*** Titled Tuesday Blitz"]
[Site "Chess.com"]
[Date "2020.05.19"]
[Round "5"]
[White "Omk124"]
[Black "Unknown_IM"]
[Result "0-1"]
[WhiteElo "2372"]
[BlackElo "2544"]
[TimeControl "180+1"]
[EndTime "12:55:00 PDT"]
[Termination "Unknown_IM won by resignation"]

1. e4 c5 2. Nf3 e6 3. d4 cxd4 4. Nxd4 Nf6 5. Nc3 Nc6 6. Be3 Bb4 7. Bd3 d5 8. Nxc6 bxc6 9. exd5 exd5 10. O-O d4 11.
Re1 dxe3 12. Rxe3+ Be6 13. Qe2 O-O 14. Re1 Re8 15.
Rg3 Bg4 16. Qf1 Rxe1 17. Qxe1 Qe8 18. Re3 Be6 19. a3 Bc5 20. Re2 Qd7 21. b4 Bd4 22. Na4 Bg4 23. Rd2 Re8 24. Qf1 Qe7 25. Bxh7+ Kxh7 26. Rxd4 Qe1 27. f3 Qe3+ 28. Qf2 Qc1+ 0-1

[Event "*** Titled Tuesday Blitz"]
[Site "Chess.com"]
[Date "2020.05.19"]
[Round "5"]
[White "barbara25"]
[Black "Boudicca64"]
[Result "1-0"]
[WhiteElo "2189"]
[BlackElo "2005"]
[TimeControl "180+1"]
[EndTime "12:55:00 PDT"]
[Termination "barbara25 won on time"]

1. e4 c5 2. Nf3 e6 3. g3 Nc6 4. Bg2 g6 5. O-O Bg7 6. c3 Nge7 7. d4 cxd4 8. cxd4 d5 9. e5 O-O 10. Nc3 f6 11. exf6 Bxf6 12. Re1 Nf5 13. Ne2 Qb6 14. Nf4 Nfxd4 15. Nxd4 Nxd4 16. Be3 Bd7 17. a4 Rae8 18. a5 Qb4 19. Nd3 Qb3 20. Nc5 Qxd1 21. Raxd1 Nc2 22.
Nxd7 Nxe1 23. Nxf8 Nxg2 24. Nd7 1-0

[Event "*** Titled Tuesday Blitz"]
[Site "Chess.com"]
[Date "2020.05.19"]
[Round "5"]
[White "tgpgoat"]
[Black "FeketeBarika"]
[Result "0-1"]
[WhiteElo "2041"]
[BlackElo "2268"]
[TimeControl "180+1"]
[EndTime "12:55:01 PDT"]
[Termination "FeketeBarika won by resignation"]

1. e4 e6 2. d4 d5 3. Nd2 Be7 4. Bd3 c5 5. c3 cxd4 6. cxd4 dxe4 7. Nxe4 Nf6 8. Nf3 O-O 9. O-O Nc6 10. Be3 h6 11.
Nc3 a6 12. Bc4 b5 13. Bb3 Na5 14. d5 Nxb3 15. Qxb3 exd5 16. Rfd1 Be6 17. Nd4 Kh8 18. Nce2 Qd7 19. Nf4 Rac8 20. Rac1 Bg4 21. f3 Bf5 22.
Nxf5 Qxf5 23. Rxc8 Rxc8 24. Nxd5 Nxd5 25. Qxd5 Qg6 26. Qd3 Qe6 27. Bf2 Rd8 28. Qc2 Rxd1+ 29. Qxd1 Qxa2 30. Qc2 Qa1+ 0-1

[Event "*** Titled Tuesday Blitz"]
[Site "Chess.com"]
[Date "2020.05.19"]
[Round "5"]
[White "Vandros57"]
[Black "Tiqr777"]
[Result "0-1"]
[WhiteElo "1954"]
[BlackElo "2522"]
[TimeControl "180+1"]
[EndTime "12:55:01 PDT"]
[Termination "Tiqr777 won on time"]

1. d4 Nf6 2. Nf3 g6 3. c4 Bg7 4.
Nc3 d5 5. cxd5 Nxd5 6. Bd2 Nxc3 7. Bxc3 O-O 8. Rc1 Nd7 9. e4 e6 10. Bd3 b6 11. O-O Bb7 12. Re1 c5 13. Qe2 cxd4 14. Bxd4 Bxd4 15. Nxd4 Nc5 16. Rxc5 bxc5 17. Nb3 Qc7 18. Rc1 Rad8 19. Rxc5 Qd6 20. Rc3 Rc8 21. f3 Rxc3 22. bxc3 Rd8 23. Bc2 Qa3 24. Bb1 a5 25. Qe3 Rd1+ 26. Kf2 Rxb1 27. Nd4 Rb2+ 28. Kg3 Qxa2 29. Qh6 Rxg2+ 30. Kf4 Qd2+ 0-1

[Event "*** Titled Tuesday Blitz"]
[Site "Chess.com"]
[Date "2020.05.19"]
[Round "5"]
[White "ehrenfeld"]
[Black "archess2"]
[Result "1-0"]
[WhiteElo "2440"]
[BlackElo "2279"]
[TimeControl "180+1"]
[EndTime "12:55:02 PDT"]
[Termination "ehrenfeld won by resignation"]

1. e4 c6 2. d4 d5 3. exd5 cxd5 4. Bd3 Nc6 5. c3 Nf6 6. Bf4 Bg4 7. Qb3 Na5 8. Qa4+ Bd7 9. Qc2 Nh5 10. Bg3 Nxg3 11.
hxg3 h6 12. Nf3 Nc6 13. Nbd2 Rc8 14. Qd1 e6 15. Qe2 Bd6 16. g4 Qe7 17. g5 h5 18. g6 f6 19. Nh4 e5 20. Nf5 Bxf5 21. Bxf5 Rd8 22. Rxh5 Rxh5 23. Qxh5 exd4+ 24. Kf1 dxc3 25.
Re1 Ne5 26. bxc3 Qc7 27. f4 Qxc3 28. fxe5 Bxe5 29. Nf3 Qc4+ 30. Kg1 Qc5+ 31. Kh1 Ke7 32. Nxe5 fxe5 33. Qg5+ Ke8 34. Rxe5+ 1-0

[Event "*** Titled Tuesday Blitz"]
[Site "Chess.com"]
[Date "2020.05.19"]
[Round "5"]
[White "zaur-mammadov"]
[Black "Pudor"]
[Result "1-0"]
[WhiteElo "2552"]
[BlackElo "2388"]
[TimeControl "180+1"]
[EndTime "12:55:05 PDT"]
[Termination "zaur-mammadov won by resignation"]

1. e4 c5 2. c3 e6 3. d4 cxd4 4. cxd4 d5 5. e5 Nc6 6. Nf3 Nge7 7. Na3 Nf5 8. Nc2 Bd7 9. Bd3 Rc8 10. O-O Be7 11.
Rb1 O-O 12. g4 Nh4 13. Nxh4 Bxh4 14. g5 Bxg5 15. Qh5 h6 16. f4 Bh4 17. Kh1 f5 18.
Rg1 Kh8 19. Rg6 Qe7 20. Be3 Rf7 21. Rbg1 Na5 22. Bd2 Nc4 23. Bb4 Qe8 24. Qxh4 Nxb2 25. Rxh6+ 1-0

[Event "*** Titled Tuesday Blitz"]
[Site "Chess.com"]
[Date "2020.05.19"]
[Round "5"]
[White "chito89"]
[Black "FontVella8"]
[Result "1-0"]
[WhiteElo "2734"]
[BlackElo "2549"]
[TimeControl "180+1"]
[EndTime "12:55:07 PDT"]
[Termination "chito89 won by resignation"]

1. d4 Nf6 2. c4 b6 3. Bg5 Bb7 4. Nc3 g6 5. Qd2 Bg7 6. Bh6 O-O 7. h4 Bxh6 8. Qxh6 Ng4 9. Qf4 h5 10. f3 Nf6 11. e4 d6 12. O-O-O Nc6 13. e5 Ne8 14.
Nh3 Ng7 15. Bd3 dxe5 16. Qh6 f6 17. Bxg6 1-0

[Event "*** Titled Tuesday Blitz"]
[Site "Chess.com"]
[Date "2020.05.19"]
[Round "5"]
[White "DortmundCity"]
[Black "CarlosAlbornoz"]
[Result "1-0"]
[WhiteElo "2505"]
[BlackElo "2669"]
[TimeControl "180+1"]
[EndTime "12:55:08 PDT"]
[Termination "DortmundCity won by resignation"]

1. e4 c5 2. Nf3 d6 3. d4 cxd4 4.
Nxd4 Nf6 5. Nc3 a6 6. Bg5 Nbd7 7. f4 Qc7 8. Qf3 h6 9. Bxf6 Nxf6 10. f5 Qc5 11. O-O-O g5 12. fxg6 Bg4 13. gxf7+ Kxf7 14. Qd3 Bxd1 15. Nxd1 Bg7 16. g3 Nxe4 17. Qxe4 Qxd4 18.
Bc4+ Ke8 19. Qxb7 Qa7 20. Qe4 Bf6 21. c3 Kd8 22. h4 Rc8 23. Ne3 Be5 24. Rd1 Rc5 25.
b4 Rxc4 26. Qxe5 Kd7 27. Nxc4 Rc8 28. Nxd6 exd6 29. Qg7+ 1-0

[Event "*** Titled Tuesday Blitz"]
[Site "Chess.com"]
[Date "2020.05.19"]
[Round "5"]
[White "HouseOfDurin"]
[Black "Akhayan"]
[Result "0-1"]
[WhiteElo "1984"]
[BlackElo "2297"]
[TimeControl "180+1"]
[EndTime "12:55:14 PDT"]
[Termination "Akhayan won by resignation"]

1. d4 d5 2. Bg5 Nf6 3. Bxf6 gxf6 4. e3 Bg7 5. c4 O-O 6. Nc3 dxc4 7. Bxc4 c5 8. Nge2 cxd4 9. Nxd4 Qc7 10. Bd3 Nc6 11.
Qh5 h6 12. Nf5 Bxf5 13. Qxf5 Rfd8 14. Qh7+ Kf8 15. O-O e6 16. Rfd1 f5 17. e4 Ne5 18.
Bc2 Ng4 19. exf5 Nf6 20. Nb5 Qxc2 21. fxe6 Rxd1+ 0-1

[Event "*** Titled Tuesday Blitz"]
[Site "Chess.com"]
[Date "2020.05.19"]
[Round "5"]
[White "chessablanca"]
[Black "Pavel_Mir"]
[Result "0-1"]
[WhiteElo "2446"]
[BlackElo "2203"]
[TimeControl "180+1"]
[EndTime "12:55:15 PDT"]
[Termination "Pavel_Mir won by checkmate"]

1. g3 e5 2. Bg2 d5 3. c4 Nf6 4. cxd5 Nxd5 5. Nc3 Nb6 6. Nf3 Nc6 7.
O-O Be7 8. d3 O-O 9. Be3 Re8 10.
d4 exd4 11. Nxd4 Nxd4 12. Bxd4 Bf6 13. e3 c6 14. Qd3 c5 15. Rad1 cxd4 16. exd4 Bg4 17. f3 Be6 18. f4 Bc4 19. Qd2 Bxf1 20. Bxf1 Qe7 21. Bg2 Rad8 22. d5 Bxc3 23. bxc3 Qe3+ 24.
Qxe3 Rxe3 25. Kf2 Rxc3 26. d6 Rc2+ 27. Kf1 Rxg2 28. Kxg2 Kf8 29. Kf3 Ke8 30. Ke4 Kd7 31.
f5 Rc8 32. Ke5 Rc5+ 33. Ke4 Rc6 34. Ke5 f6+ 35. Kf4 Rxd6 36. Re1 Nd5+ 37. Kf3 Ne7 38. g4 Nc6 39. h3 Ne5+ 40. Kg2 Rd2+ 41.
Kg3 Rxa2 42. Rd1+ Ke7 43. Rd4 Ra3+ 44. Kh4 Nf3+ 45. Kh5 Nxd4 46. h4 a5 47. g5 Nxf5 48. g6 hxg6+ 49. Kxg6 Nxh4+ 50. Kh7 g5 51. Kg7 g4 52.
Kh6 g3 53. Kh5 g2 54. Kh6 g1=Q 55. Kh7 Kf7 56. Kh6 Qg6# 0-1

[Event "*** Titled Tuesday Blitz"]
[Site "Chess.com"]
[Date "2020.05.19"]
[Round "5"]
[White "Nikithebest"]
[Black "124chess"]
[Result "0-1"]
[WhiteElo "2446"]
[BlackElo "2751"]
[TimeControl "180+1"]
[EndTime "12:55:18 PDT"]
[Termination "124chess won by resignation"]

1. e4 d6 2. d4 Nf6 3. Nc3 e5 4. Nge2 Be7 5. g3 O-O 6. Bg2 c6 7. O-O b5 8. a3 a5 9. h3 Ba6 10.
Be3 Nbd7 11. g4 b4 12. axb4 axb4 13. Na4 Bb5 14. b3 h6 15. Qd2 d5 16. exd5 Nxd5 17. dxe5 Nxe5 18. Bd4 Ng6 19. Rfe1 Bg5 20. Qd1 Ndf4 21.
Nxf4 Nxf4 22. Bb6 Qb8 23. Be3 Rd8 24. Qb1 Bf6 25. Ra2 Nxg2 26. Kxg2 Qd6 27. Nc5 Qd5+ 28.
Kg1 Bc3 29. Rxa8 Rxa8 30. Rd1 Qf3 31. Kh2 Be5+ 32. Kg1 Qxh3 0-1

[Event "*** Titled Tuesday Blitz"]
[Site "Chess.com"]
[Date "2020.05.19"]
[Round "5"]
[White "TudorAnton"]
[Black "Nathan_Filgueiras"]
[Result "1-0"]
[WhiteElo "2491"]
[BlackElo "2324"]
[TimeControl "180+1"]
[EndTime "12:55:18 PDT"]
[Termination "TudorAnton won by checkmate"]

1. d4 Nf6 2. c4 e6 3. Nc3 Bb4 4.
Nf3 O-O 5. Bg5 h6 6. Bh4 d6 7. Qc2 Nbd7 8. a3 Bxc3+ 9. Qxc3 g5 10. Bg3 Ne4 11. Qc2 f5 12. e3 Qe7 13. Bd3 Ndf6 14. O-O-O Bd7 15. Kb1 a6 16. Ka1 b5 17. Nd2 Nxd2 18.
Rxd2 bxc4 19. Bxc4 Ne4 20. Rdd1 Bb5 21. Ba2 Rab8 22.
f3 Nf6 23. e4 f4 24. Be1 Qd7 25. h4 Kg7 26. hxg5 hxg5 27. e5 Rh8 28. exf6+ Kxf6 29. Bc3 d5 30. Bb1 Qf7 31. Bb4 c6 32. Bd6 Rxh1 33.
Rxh1 Rd8 34. Rh6+ Kg7 35. Qh7# 1-0

[Event "*** Titled Tuesday Blitz"]
[Site "Chess.com"]
[Date "2020.05.19"]
[Round "5"]
[White "SubrotaBiswas"]
[Black "Kapibara_Warri0r"]
[Result "1-0"]
[WhiteElo "2376"]
[BlackElo "2084"]
[TimeControl "180+1"]
[EndTime "12:55:20 PDT"]
[Termination "SubrotaBiswas won on time"]

1. e4 e5 2. Nf3 Nc6 3. Bb5 a6 4. Ba4 d6 5. d4 exd4 6. Nxd4 Bd7 7. O-O g6 8. Nxc6 bxc6 9. Qd4 Qf6 10. Qc4 Ne7 11.
Bd2 Qe6 12. Qd4 Rg8 13. Bb3 Qe5 14. Qe3 d5 15. Bc3 Qe6 16. Nd2 f5 17. f3 g5 18.
Rae1 f4 19. Qd3 Qd6 20. exd5 cxd5 21. Bxd5 Bb5 22. Nc4 Bxc4 23. Qxc4 1-0

[Event "*** Titled Tuesday Blitz"]
[Site "Chess.com"]
[Date "2020.05.19"]
[Round "5"]
[White "talaicito"]
[Black "Kaua18"]
[Result "1-0"]
[WhiteElo "2171"]
[BlackElo "2314"]
[TimeControl "180+1"]
[EndTime "12:55:27 PDT"]
[Termination "talaicito won by checkmate"]

1. d4 Nf6 2. Nc3 d5 3. Bf4 e6 4. e3 Bd6 5. Nf3 c5 6. dxc5 Bxc5 7. Bd3 Nc6 8. O-O O-O 9. e4 d4 10. Na4 b6 11. Qe2 a6 12. Nxc5 bxc5 13. e5 Nd5 14.
Qe4 g6 15. Bg5 Qc7 16. Rfe1 Ncb4 17. Qh4 Nxd3 18. cxd3 h5 19. g4 Kg7 20. Bf6+ Nxf6 21. exf6+ Kh6 22. Re5 Rh8 23. Rxh5+ gxh5 24. Qxh5# 1-0

[Event "*** Titled Tuesday Blitz"]
[Site "Chess.com"]
[Date "2020.05.19"]
[Round "5"]
[White "Zmof"]
[Black "Klavdia_Nik"]
[Result "1-0"]
[WhiteElo "2240"]
[BlackElo "2024"]
[TimeControl "180+1"]
[EndTime "12:55:28 PDT"]
[Termination "Zmof won on time"]

1. e4 g6 2. d4 Bg7 3. c3 b6 4. Bd3 Bb7 5. Nf3 d6 6. O-O c5 7.
Re1 e6 8. Bf4 Ne7 9. Na3 O-O 10.
Qd2 cxd4 11. cxd4 d5 12. e5 a6 13. Rac1 Nbc6 14. Bh6 b5 15. Nc2 Qb6 16. Qg5 f6 17. exf6 Rxf6 18. Bxg7 Kxg7 19. Qg4 Nf5 20. Ng5 1-0

[Event "*** Titled Tuesday Blitz"]
[Site "Chess.com"]
[Date "2020.05.19"]
[Round "5"]
[White "MirMan90"]
[Black "stoleriu"]
[Result "1-0"]
[WhiteElo "2749"]
[BlackElo "2555"]
[TimeControl "180+1"]
[EndTime "12:55:31 PDT"]
[Termination "MirMan90 won by resignation"]

1. e4 e6 2. d4 d5 3. Nd2 Be7 4. Bd3 c5 5. dxc5 Nf6 6. Qe2 O-O 7. Ngf3 a5 8. O-O Na6 9. e5 Nd7 10. c4 Ndxc5 11. Bb1 b6 12. cxd5 exd5 13. Rd1 Nb4 14. Nf1 Ba6 15. Qe3 Ne6 16. a3 Bc5 17. Qe1 Nc6 18.
Ng3 Ncd4 19. Nxd4 Nxd4 20. b4 Nb3 21. Ra2 Nxc1 22. Rxc1 axb4 23. axb4 Be7 24. Nf5 Bc4 25. Rxa8 1-0

[Event "*** Titled Tuesday Blitz"]
[Site "Chess.com"]
[Date "2020.05.19"]
[Round "5"]
[White "Volodar_Murzin"]
[Black "RestartingChess"]
[Result "1-0"]
[WhiteElo "2752"]
[BlackElo "2555"]
[TimeControl "180+1"]
[EndTime "12:55:32 PDT"]
[Termination "Volodar_Murzin won by checkmate"]

1. d4 Nf6 2. Nf3 g6 3. Bg5 Bg7 4. Nbd2 O-O 5. e3 d5 6. c3 c5 7.
Bd3 Nc6 8. O-O h6 9. Bh4 g5 10. Bg3 Bg4 11. h3 Bh5 12. Be2 cxd4 13. exd4 Ne4 14.
Bh2 f5 15. Re1 e6 16. Qb3 g4 17. Nxe4 gxf3 18. Ng3 fxe2 19. Nxh5 Qb6 20. Rxe2 Qxb3 21. axb3 Bxd4 22. Rxe6 Bb6 23. Rxh6 Rfe8 24. Nf6+ Kg7 25. Nxe8+ Kxh6 26. Nd6 Kg5 27. Nxb7 Re8 28. Kf1 f4 29. Rd1 d4 30. Nd6 Re6 31. Nc4 dxc3 32. bxc3 Na5 33. Nxa5 Bxa5 34. Rd5+ Kh4 35. Bxf4 Bxc3 36. Bg3# 1-0